 Dungeon Crawl Stone Soup version 0.30-a0-779-g7971cf19c3 (webtiles) character file.

Game seed: 1232159600258490978

49 elagabalus the Magician (level 4, 31/31 HPs)
             Began as a Djinni Necromancer on Feb 16, 2023.
             Quit the game on level 2 of the Dungeon on Feb 17, 2023.
             The game lasted 00:12:32 (1214 turns).

elagabalus the Magician (Djinni Necromancer)        Turns: 1214, Time: 00:12:33

Health: 31/31      AC:  2    Str:  7    XL:     4   Next: 1%
Gold:   113        EV: 12    Int: 18    God:
                   SH:  0    Dex: 14

rFire   + + .      SeeInvis .    b - +0 short sword
rCold   x . .      Faith    .    (no shield)
rNeg    . . .      Spirit   .    a - +0 robe
rPois   ∞          Reflect  .    (no helmet)
rElec   .          Harm     .    (no cloak)
rCorr   .          Rampage  .    (no gloves)
Will    +....                    (boots unavailable)
Stlth   ++                       (no amulet)
HPRegen 0.25/turn                g - ring of willpower
MPRegen 0.00/turn                (no ring)

@: flying
A: sickness immunity, fire resistance 2, cold vulnerability 1, float, innate
caster, HP casting, extra vitality 1
a: no special abilities


You were on level 2 of the Dungeon.
You visited 1 branch of the dungeon, and saw 2 of its levels.

You collected 113 gold pieces.

Inventory:

Hand Weapons
 b - a +0 short sword (weapon)
Armour
 a - a +0 robe (worn)
Jewellery
 g - a ring of willpower (left hand)
Scrolls
 c - a scroll of noise {unknown}
 d - 3 scrolls of identify
 f - a scroll of teleportation {unknown}
 j - a scroll of vulnerability {unknown}
Potions
 e - a potion of might
 h - a potion of haste {unknown}
 i - 2 potions of magic {unknown}


   Skills:
 - Level 2.1 Dodging
 - Level 1.5 Stealth
 * Level 4.2 Spellcasting


You couldn't memorise any spells.
You knew the following spells:

 Your Spells              Type           Power      Damage    Failure   Level
a - Necrotise             Necr           76%        1d7       2%          1
b - Vampiric Draining     Necr           19%        2d7       8%          3
c - Animate Dead          Necr           19%        N/A       26%         4
d - Agony                 Necr           19%        N/A       56%         5
e - Magic Dart            Conj           76%        1d6       2%          1
Your spell library was empty.

Dungeon Overview and Level Annotations

Branches:
Dungeon (2/15)

Altars:


Innate Abilities, Weirdness & Mutations

You are immune to sickness and miasma.
You are immune to poison.
Your flesh is very heat resistant. (rF++)
You are vulnerable to cold. (rC-)
You float through the air rather than walking.
You learn spells naturally, not from books.
Your magical power is your life essence.
You have superior vitality. (+4 MHP)


Message History

You are very lightly contaminated with residual magic.
Nothing appears to happen.
The rat bites you.
Aiming: Vampiric Draining (quite dangerous; 8% risk of failure)
Press: ? - help, Q - select action, (/) - cycle Shift-Dir - straight line, f/p - rat
Aim: a rat You draw life force from the rat!
You kill the rat!
You feel life coursing into your body.
You see here a rat corpse.
Found a scroll labelled KAVOF ZAIGEOP.
A bat comes into view.
Found 15 gold pieces.
The bat moves out of view.
Your magical contamination has completely faded away.
You see here a scroll labelled KAVOF ZAIGEOP.
Aiming: Vampiric Draining (quite dangerous; 8% risk of failure)
Press: ? - help, Q - select action, (/) - cycle Shift-Dir - straight line, f - bat
Aim: a bat You draw life force from the bat!
You kill the bat!
You feel life coursing into your body.
You have reached level 4!
You feel agile.
j - a scroll labelled KAVOF ZAIGEOP
Casting: Vampiric Draining (quite dangerous; 8% risk of failure)
Confirm with . or Enter, or press ? or * to list all spells.
Okay, then.
Saving game... please wait.
Welcome back, elagabalus the Djinni Necromancer.
Press ? for a list of commands and other information.
You now have 113 gold pieces (gained 15).
As you open the door, it creaks loudly!
There is an open door here.
You reach down and open the door.
There is an open door here.
Found 2 scrolls of identify.
d - 3 scrolls of identify (gained 2) Welcome back, elagabalus the Djinni Necromancer.
Press ? for a list of commands and other information.
Are you sure you want to abandon this character and quit the game? (Confirm with "yes".)

#..........###.##
###..........##.#.##
.............#.###.##
#.†.....#.....## ##.##
#.#....###...## ##.#
#.##....#.....## ##.##
#............#.###.##
####.........##.#.##
#.........###@## ##
####'###### #.#### .#
##...## #....# .#
##.....## #....#
.###.......## ##...#
.##.........####...######
..+.........+............
###.........####...#####
##.......## ##..#


There were no monsters in sight!

Vanquished Creatures
  3 dart slugs (D:1)
  5 ball pythons
  2 endoplasms
  3 goblins
  2 hobgoblins (D:1)
  8 jackals
  2 kobolds (D:1)
  A quokka (D:1)
  4 bats
  3 rats
33 creatures vanquished.

Vanquished Creatures (collateral kills)
  A ball python (D:1)
  An endoplasm (D:1)
  A goblin (D:1)
3 creatures vanquished.

Grand Total: 36 creatures vanquished

Notes
Turn   | Place    | Note
-------+----------+-------------------------------------------
     0 | D:1      | elagabalus the Djinni Necromancer began the quest for the
                  | Orb.
     0 | D:1      | elagabalus set off with the following spells memorised:
                  | Necrotise, Vampiric Draining, Animate Dead, Agony.
     0 | D:1      | Reached XP level 1. HP: 15/15 MP: 0/0
    55 | D:1      | Reached XP level 2. HP: 18/21 MP: 0/0
   150 | D:1      | Reached XP level 3. HP: 16/25 MP: 0/0
   150 | D:1      | Learned a level 1 spell: Magic Dart
   281 | D:1      | Reached skill level 4 in Spellcasting
   469 | D:1      | Found a faded altar of an unknown god.
  1113 | D:2      | Reached XP level 4. HP: 24/31 MP: 0/0
  1214 | D:2      | Upgraded the game from 0.30-a0-778-g2ef04afb54 to
                  | 0.30-a0-779-g7971cf19c3
  1214 | D:2      | Quit the game

Illustrated notes

Levels and vault maps discovered:
D:1:      onia_arrival_handbag, layout_loops_ring,
          hellmonk_ecumenical_altar_run_dry
D:2:      layout_loops_corners, minmay_pentomino_q2

Skill      XL: |  1  2  3 |
---------------+----------+-----
Spellcasting   | 4 |  4.2
Dodging        | |  2.1
Stealth        | |  1.5

Action                     |  1- 3 |  4- 6 || total
---------------------------+-------+-------++-------
  Melee: Short sword       |     5 |       ||     5
         Punch             |     1 |       ||     1
   Cast: Necrotise         |    31 |       ||    31
         Vampiric Draining |    19 |       ||    19
    Use: Scroll            |     3 |       ||     3
 Armour: Robe              |     6 |       ||     6
  Dodge: Dodged            |    25 |       ||    25

Table legend: (Time is in decaauts)
 A = Elapsed time spent in this place.
 B = Non-inter-level travel time spent in this place.
 C = Inter-level travel time spent in this place.
 D = Time resting spent in this place.
 E = Time spent auto-exploring this place.
 F = Levels seen in this place.
 G = Mean time per level.
                   A        B        C        D        E       F      G
               +--------+--------+--------+--------+--------+-----+--------+
         Total |   1213 |    336 |    877 |      0 |      0 |   2 |  606.5 |
       Dungeon |   1213 |    336 |    877 |      0 |      0 |   2 |  606.5 |
               +--------+--------+--------+--------+--------+-----+--------+

Top non-repeatable levels by time:
     D:1: 776 daAuts
     D:2: 436 daAuts
